 Dungeon Crawl Stone Soup version 0.28-a0-1206-g193881aaa2 (webtiles) character file.

Game seed: 17380814632889135116

96 bande the Skirmisher (level 4, -2/29 HPs)
             Began as a Gargoyle Fighter on Dec 21, 2021.
             Slain by a gnoll (5 damage)
             ... on level 3 of the Dungeon.
             The game lasted 00:03:12 (2144 turns).

bande the Skirmisher (Gargoyle Fighter)             Turns: 2144, Time: 00:03:12

Health: -2/29      AC: 13    Str: 19    XL:     4   Next: 67%
Magic:  4/4        EV:  7    Int:  9    God:
Gold:   87         SH:  4    Dex: 11    Spells: 3/3 levels left

rFire   . . .      SeeInvis .   f - +1 hand axe (freeze)
rCold   . . .      Faith    .   c - +0 buckler
rNeg    + . .      Spirit   .   e - +0 chain mail
rPois   ∞          Reflect  .   (no helmet)
rElec   +          Harm     .   (no cloak)
rCorr   .          Rampage  .   (no gloves)
Will    .....                   (no boots)
Stlth   ..........              (no amulet)
HPRegen 0.09/turn               (no ring)
MPRegen 0.09/turn               (no ring)

@: no status effects
A: sickness immunity, AC +3, negative energy resistance 1, electricity
resistance, torment resistance 1, petrification resistance
a: no special abilities


You were on level 3 of the Dungeon.
You visited 1 branch of the dungeon, and saw 3 of its levels.

You collected 87 gold pieces.

Inventory:

Hand Weapons
 a - a +0 war axe
 f - a +1 hand axe of freezing (weapon)
Armour
 c - a +0 buckler (worn)
 e - a +0 chain mail (worn)
Scrolls
 b - 2 scrolls of teleportation
Potions
 d - 3 potions of might
 g - a potion of lignification {unknown}


   Skills:
 + Level 3.9 Fighting
 + Level 3.1 Axes
 + Level 3.9 Armour
 + Level 3.7 Shields


You had 3 spell levels left.
You didn't know any spells.
Your spell library contained the following spells:

 Spells                   Type           Power      Damage    Failure   Level
 Beastly Appendage        Tmut           0%         N/A       99%         1
 Wereblood                Tmut           0%         N/A       100%        2
 Ozocubu's Armour         Ice            0%         N/A       100%        3
 Spider Form              Tmut/Pois      0%         N/A       100%        3
 Ozocubu's Refrigeration  Ice            0%         4d5       100%        7


Dungeon Overview and Level Annotations

Branches:
Dungeon (3/15)

Altars:

Shops:
D:1 (


Innate Abilities, Weirdness & Mutations

You are immune to sickness and miasma.
Your stone body is resilient. (AC +3)
You are immune to poison.
You resist negative energy. (rN+)
You are resistant to electric shocks. (rElec)
You are resistant to unholy torment.
You are immune to petrification.


Message History

The gnoll hits you from afar with a +0 spear.
The gnoll hits you but does no damage. The gnoll barely misses you.
Unknown command.
You struggle against the net.
The gnoll barely misses you. The gnoll hits you but does no damage.
The gnoll hits you with a +0 club.
You struggle against the net.
The gnoll closely misses you.
The gnoll hits you but does no damage. x2
Unknown command.
You struggle against the net.
The gnoll hits you but does no damage.
The gnoll hits you from afar with a +0 spear.
The gnoll hits you but does no damage.
You rip the net and break free!
The gnoll hits you from afar with a +0 spear. x2
The gnoll completely misses you.
You barely miss the gnoll. The gnoll barely misses you.
The gnoll hits you from afar with a +0 spear.
* * * LOW HITPOINT WARNING * * *
The gnoll hits you but does no damage.
You see here a rat corpse.
The gnoll hits you with a +0 club.
* * * LOW HITPOINT WARNING * * *
You hit the gnoll. You freeze the gnoll.
The gnoll is heavily wounded.
The gnoll hits you but does no damage.
You slash the gnoll! You freeze the gnoll.
You kill the gnoll!
The gnoll throws a stone.
The stone hits you.
* * * LOW HITPOINT WARNING * * *
The gnoll throws a stone.
The stone hits you but does no damage. The gnoll hits you with a +0 spear!
* * * LOW HITPOINT WARNING * * *
You slash the gnoll! You freeze the gnoll.
You kill the gnoll!
The gnoll throws a stone.
The stone completely misses you.
Things that are here:
a +0 spear; a gnoll corpse The gnoll closely misses you.
You closely miss the gnoll. The gnoll barely misses you.
You closely miss the gnoll. The gnoll hits you with a +0 spear.
You die...

#..# ...
#########
.. ..
#........
.. . #.# .
# #.# ..#.
# #)#
...#.####
#@#
#...#...$
#g#
.#.##.##
#.#
...#.†..
#.#
#.#.#.g.
####.#
####.#.#g..
#....#
..##.#.....
#.####
#.##..#.#.#
#.#
#.##.###...
#.# #.#.##
##.#


You could see a gnoll.

Vanquished Creatures
  2 gnolls (D:3)
  2 adders
  A dart slug (D:2)
  5 orcs (D:3)
  4 bats
  5 endoplasms
  A giant cockroach (D:2)
  4 goblins (D:1)
  6 hobgoblins
  4 kobolds
  3 quokkas
  2 ball pythons
  5 frilled lizards
  7 rats
51 creatures vanquished.

Notes
Turn   | Place    | Note
-------+----------+-------------------------------------------
     0 | D:1      | bande the Gargoyle Fighter began the quest for the Orb.
     0 | D:1      | Reached XP level 1. HP: 14/14 MP: 1/1
    24 | D:1      | Found Ofeab's Weapon Shoppe.
   134 | D:1      | Reached XP level 2. HP: 16/19 MP: 2/2
   891 | D:2      | Reached XP level 3. HP: 21/24 MP: 3/3
  1201 | D:2      | Found a faded altar of an unknown god.
  1987 | D:3      | Reached XP level 4. HP: 26/29 MP: 4/4
  2144 | D:3      | Slain by a gnoll

Illustrated notes

Levels and vault maps discovered:
D:1:      lemuel_arrival_rhombus, layout_basic, serial_shops,
          nicolae_square_shop, minmay_misc_feat_chi
D:2:      minmay_spotlight, layout_loops_corners,
          shapermc_ecumenical_altar_starsandcircs, minmay_misc_feat_nine_boxes
D:3:      layout_loops_ring, trog_three_pillars_becter,
          nicolae_hepliaklqana_monster_ancestors

Skill      XL: |  1  2  3  4 |
---------------+-------------+-----
Axes           | 2 3 |  3.1
Fighting       | |  3.9
Armour         | |  3.9
Shields        | |  3.7

Action                   |  1- 3 |  4- 6 || total
-------------------------+-------+-------++-------
Melee: War axe           |   122 |       ||   122
       Hand axe          |       |    23 ||    23
  Use: Scroll            |     2 |       ||     2
Armor: Chain mail        |    80 |    21 ||   101
Dodge: Dodged            |    36 |    18 ||    54
Block: Buckler           |    21 |     5 ||    26

Table legend: (Time is in decaauts)
 A = Elapsed time spent in this place.
 B = Non-inter-level travel time spent in this place.
 C = Inter-level travel time spent in this place.
 D = Time resting spent in this place.
 E = Time spent auto-exploring this place.
 F = Levels seen in this place.
 G = Mean time per level.
                   A        B        C        D        E       F      G
               +--------+--------+--------+--------+--------+-----+--------+
         Total |   2195 |   2137 |     58 |      0 |   1697 |   3 |  731.7 |
       Dungeon |   2195 |   2137 |     58 |      0 |   1697 |   3 |  731.7 |
               +--------+--------+--------+--------+--------+-----+--------+

Top non-repeatable levels by time:
     D:2: 1096 daAuts
     D:1: 880 daAuts
     D:3: 218 daAuts
